 Dungeon Crawl Stone Soup version 0.28.0-1-gb440e238dd (webtiles) character file.

Game seed: 7779666007177768337

13 issech the Cudgeller (level 2, -2/29 HPs)
             Began as a Troll Monk on Feb 24, 2022.
             Succumbed to a goblin's poison
             ... on level 1 of the Dungeon.
             The game lasted 00:00:52 (185 turns).

issech the Cudgeller (Troll Monk)                    Turns: 185, Time: 00:00:52

Health: -2/29      AC:  4    Str: 18    XL:     2   Next: 24%
Magic:  1/1        EV: 10    Int:  6    God:
Gold:   6          SH:  0    Dex: 12    Spells: 1/1 levels left

rFire   . . .      SeeInvis .   a - +0 mace
rCold   . . .      Faith    .   (no shield)
rNeg    . . .      Spirit   .   b - +0 robe
rPois   .          Reflect  .   (helmet restricted)
rElec   .          Harm     .   (no cloak)
rCorr   .          Rampage  .   (gloves unavailable)
Will    .....                   (boots unavailable)
Stlth   ++........              d - amulet of regeneration
HPRegen 1.69/turn               (no ring)
MPRegen 0.07/turn               (no ring)

@: lethally poisoned (-2 -> -13)
A: large, unfitting armour, claws 3, regeneration 1, shaggy fur 1, tough skin 1
a: no special abilities


You were on level 1 of the Dungeon.
You visited 1 branch of the dungeon, and saw 1 of its levels.

You collected 6 gold pieces.

Inventory:

Hand Weapons
 a - a +0 mace (weapon)
 c - a +3 hunting sling of freezing
Missiles
 f - 2 stones (quivered)
Armour
 b - a +0 robe (worn)
Jewellery
 d - an amulet of regeneration (around neck)
Potions
 e - a potion of invisibility {unknown}


   Skills:
 + Level 2.5 Fighting
 + Level 2.8 Maces & Flails
 + Level 2.7 Dodging
 + Level 1.0 Stealth


You had one spell level left.
You didn't know any spells.
Your spell library contained the following spells:

 Spells                   Type           Power      Damage    Failure   Level
 Ensorcelled Hibernation  Hex/Ice        0%         N/A       58%         2
 Passwall                 Tmut/Erth      0%         N/A       58%         2
 Swiftness                Air            0%         N/A       83%         3


Dungeon Overview and Level Annotations

Branches:
Dungeon (1/15)

Altars:


Innate Abilities, Weirdness & Mutations

You are too large for most types of armour.
You have claws for hands.
Your natural rate of healing is unusually fast.
You are covered in fur. (AC +1)
You have tough skin. (AC +1)


Message History

The goblin hits you with a +1 dagger of venom.
The hobgoblin closely misses you. The goblin hits you but does no damage.
You are poisoned.
You feel very sick. The bat barely misses you.
The goblin hits you with a +1 dagger of venom.
You are more poisoned.
The hobgoblin hits you.
There is a fountain of sparkling water here.
You feel very sick. The bat barely misses you.
You thump the bat!
You kill the bat!
You feel very sick. The goblin misses you. The hobgoblin barely misses you.
The goblin hits you but does no damage.
You are more poisoned.
You hit the goblin.
The goblin is almost dead.
You feel very sick. The hobgoblin barely misses you.
The goblin hits you with a +1 dagger of venom.
You are more poisoned.
You closely miss the goblin.
The goblin is almost dead.
* * * LOW HITPOINT WARNING * * *
You feel extremely sick.
The hobgoblin hits you but does no damage.
The goblin barely misses you.
You closely miss the goblin.
The goblin is severely wounded.
* * * LOW HITPOINT WARNING * * *
You feel very sick. The hobgoblin hits you.
* * * LOW HITPOINT WARNING * * *
The goblin hits you but does no damage.
You are more poisoned.
The hobgoblin hits you.
* * * LOW HITPOINT WARNING * * *
You die...

....# ..#.+ ..#..
### ..##.###.##
.......... +##
+..#.# ####+#### #
#.#.###.......#
#....##.⌠...⌠.#
##.#.##....@..#
#)#..'...g...+ #
###.#..#...g†..# #
##......#.⌠...⌠.#
####..####.#.......#
.†.....# ######+####
####.#[.....
#.####### ..#


You could see a hobgoblin and a goblin.

Vanquished Creatures
  A dart slug (D:1)
  A ball python (D:1)
  A goblin (D:1)
  2 hobgoblins (D:1)
  A quokka (D:1)
  A bat (D:1)
  3 frilled lizards (D:1)
  A kobold (D:1)
11 creatures vanquished.

Notes
Turn   | Place    | Note
-------+----------+-------------------------------------------
     0 | D:1      | issech the Troll Monk began the quest for the Orb.
     0 | D:1      | Reached XP level 1. HP: 22/22 MP: 0/0
    91 | D:1      | Reached XP level 2. HP: 29/29 MP: 1/1
   185 | D:1      | Succumbed to a goblin's poison

Illustrated notes

Levels and vault maps discovered:
D:1:      noname_arrival_rooms_in_the_neighbourhood, layout_rooms,
          hangedman_decor_peaks_small, minmay_fountain_box, serial_bayou_pond_a

Action                   || total
-------------------------++-------
Melee: Mace              ||    39
 Stab: Sleeping          ||     2
Armor: Robe              ||    18
Dodge: Dodged            ||    25
